 Dungeon Crawl Stone Soup version 0.18-a0-1323-g706dcef (webtiles) character file.

170 ololoev the Magician (level 5, -1/28 HPs)
             Began as a Deep Elf Fire Elementalist on Feb 15, 2016.
             Killed by triggering an arrow trap (12 damage)
             ... in an ossuary.
             The game lasted 00:09:50 (1283 turns).

ololoev the Magician (Deep Elf Fire Elementalist)   Turns: 1283, Time: 00:09:50

Health: -1/28      AC:  4    Str:  5    XL:     5   Next: 26%
Magic:  13/13      EV: 13    Int: 21    God:
Gold:   179        SH:  0    Dex: 15    Spells: 4 memorised, 2 levels left

rFire  . . .     SeeInvis .     f - +0 whip (vamp)
rCold  . . .     Gourm    .     a - +1 robe
rNeg   . . .     Faith    .     (no shield)
rPois  .         Spirit   .     (no helmet)
rElec  .         Dismiss  .     (no cloak)
rCorr  .         Reflect  .     (no gloves)
SustAt .         Harm     .     x - +0 pair of boots
MR     .....                    (no amulet)
Stlth  +.........               (no ring)
                                t - ring of loudness (curse)

@: not resistant to hostile enchantments, very unstealthy
A: no striking features
a: no special abilities

Inventory:

Hand Weapons
 f - a +0 vampiric whip (weapon)
Armour
 a - a +1 robe (worn)
 x - a +0 pair of boots (worn)
Jewellery
 t - a cursed ring of loudness (left hand)
Wands
 s - a wand of confusion (28/48)
Scrolls
 d - a scroll of recharging
 m - a scroll of blinking
 q - a scroll of enchant weapon
Potions
 e - 2 potions of agility {unknown}
 g - a potion of lignification {unknown}
 h - a potion of ambrosia {unknown}
 i - 3 potions of degeneration {unknown}
 j - a potion of brilliance {unknown}
 k - a potion of curing {unknown}
 n - a potion of magic {unknown}
 o - a potion of mutation {unknown}
 p - a potion of cancellation {unknown}
 u - a potion of might {unknown}
Books
 b - a book of Flames

   Spells                             Type                      Level
   a - Flame Tongue                   Conjuration/Fire             1
   b - Throw Flame                    Conjuration/Fire             2
   c - Conjure Flame                  Conjuration/Fire             3
   d - Inner Flame                    Hexes/Fire                   3
   e - Sticky Flame                   Conjuration/Fire             4
   f - Fireball                       Conjuration/Fire             5
Comestibles
 l - a beef jerky
 r - 2 meat rations


   Skills:
 - Level 2.4 Dodging
 - Level 2.4 Stealth
 + Level 4.6 Spellcasting
 * Level 3.8 Conjurations
 + Level 4.4 Fire Magic


You had 2 spell levels left. You knew the following spells: Your Spells Type Power Failure Level Hunger a - Flame Tongue Conj/Fire ###.. 1% 1 None b - Conjure Flame Conj/Fire ###..... 10% 3 ##..... c - Sticky Flame Conj/Fire ###..... 24% 4 ####... e - Inner Flame Hex/Fire ##...... 17% 3 ##..... You were in an ossuary. You were not hungry. You visited 1 branch of the dungeon, and saw 4 of its levels. You also visited: Ossuary. You collected 179 gold pieces. ### ## #.# ... #'#+#+#.... #.......... #.......... #+#'###### #.##.## #..##@## #...##.## #..ZZ##Z## #...Z.##Z# #...ZZZ'.# #...ZZ##.# #..ZZ##.## #...##.## #..##.##

Notes
Turn   | Place    | Note
--------------------------------------------------------------
     0 | D:1      | ololoev the Deep Elf Fire Elementalist began the quest for the Orb.
     0 | D:1      | Reached XP level 1. HP: 10/10 MP: 6/6
   248 | D:2      | Found a glowing silver altar of Zin.
   300 | D:2      | Found an oddly glowing altar of Pakellas.
   325 | D:1      | Reached XP level 2. HP: 15/15 MP: 5/8
   414 | D:3      | Found a shattered altar of Ashenzari.
   424 | D:3      | Reached XP level 3. HP: 10/19 MP: 3/10
   429 | D:3      | Learned a level 3 spell: Conjure Flame
   433 | D:3      | Learned a level 3 spell: Inner Flame
   520 | D:3      | Reached skill level 4 in Spellcasting
   618 | D:4      | Found a burning altar of Makhleb.
   651 | D:4      | Reached XP level 4. HP: 24/24 MP: 2/12
   657 | D:4      | Learned a level 4 spell: Sticky Flame
   828 | D:4      | Reached XP level 5. HP: 28/28 MP: 1/13
   972 | D:4      | Noticed inmateoo's ghost (amateur HEFi)
  1075 | D:4      | Found a sand-covered staircase.
  1084 | Ossuary  | Entered an ossuary
  1283 | Ossuary  | Killed by triggering an arrow trap

Dungeon Overview and Level Annotations

Branches:
Dungeon (4/15)
 Temple: D:4-7

Altars:
Ashenzari
Makhleb
Pakellas
Zin

Annotations:
D:4 inmateoo's ghost, amateur HEFi


Message History

The flame tongue hits the gnoll zombie.
The gnoll zombie barely misses you.
Casting: Flame Tongue
Confirm with . or Enter, or press ? or * to list all spells.
Aiming: Flame Tongue
Press: ? - help, Shift-Dir - straight line, f/p - gnoll zombie
Aim: a gnoll zombie The flame tongue hits the gnoll zombie.
Casting: Flame Tongue
Confirm with . or Enter, or press ? or * to list all spells.
Aiming: Flame Tongue
Press: ? - help, Shift-Dir - straight line, f/p - gnoll zombie
Aim: a gnoll zombie The flame tongue hits the gnoll zombie.
The gnoll zombie hits you.
Casting: Flame Tongue
Confirm with . or Enter, or press ? or * to list all spells.
Aiming: Flame Tongue
Press: ? - help, Shift-Dir - straight line, f/p - gnoll zombie
Aim: a gnoll zombie The flame tongue hits the gnoll zombie.
You destroy the gnoll zombie!
There is an open door here.
Really walk into that arrow trap?
You avoid triggering an arrow trap.
There is an arrow trap here.
Really walk into that arrow trap?
You avoid triggering an arrow trap.
There is an arrow trap here.
You start resting.
Magic restored.
You open the door. 8 spectral things come into view. 3 spectral things come into view.
The spectral kobold misses you.
There is an open door here.
Really walk into that arrow trap?
You avoid triggering an arrow trap.
There is an arrow trap here.
Really walk into that arrow trap?
An arrow shoots out and hits you!
You die...

You could see 2 spectral kobolds.

Vanquished Creatures
  An orc wizard (D:4)
  2 worker ants (D:4)
  A hound skeleton (D:4)
  4 adders
  A worm (D:2)
  5 orcs
  A giant cockroach (D:3)
  A gnoll zombie (Ossuary)
  3 goblins (D:2)
  4 hobgoblins (D:3)
  3 jackals (D:1)
  A quokka (D:3)
  3 bats (D:3)
  2 giant newts
  3 goblin zombies (Ossuary)
  2 hobgoblin zombies (Ossuary)
  A jackal skeleton (D:4)
  2 kobolds
  2 kobold zombies (Ossuary)
  3 orc zombies (Ossuary)
  2 rats (D:3)
47 creatures vanquished.

Action                   |  1- 3 |  4- 6 || total
-------------------------+-------+-------++-------
Melee: Unarmed           |       |     9 ||     9
       Whip              |       |     5 ||     5
 Cast: Flame Tongue      |    47 |    56 ||   103
       Conjure Flame     |       |     5 ||     5
Evoke: Wand              |     1 |    19 ||    20
  Use: Scroll            |     5 |     2 ||     7
 Stab: Confused          |       |     1 ||     1
  Eat: Bread ration      |       |     2 ||     2

Vault maps used:
D:1:      dpeg_arrival_water_temple_mockup, minivault_11, nemelex_deck
D:2:      yredelemnul_altar_generic, nicolae_overflow_hidden_temple,
          zin_scriptorium, first_bread, uniq_crazy_yiuf_cottage
D:3:      lemuel_round_altar
D:4:      bloody_makhleb, enter_ossuary_4, hangedman_abyss_or_decor_stabs,
          serial_park_tiny_2
Ossuary:  ossuary_zaba_two_paths
